 Dungeon Crawl Stone Soup version 0.28-a0-1429-gf3d713df7a (webtiles) character file.

Game seed: 3727886983414393539

217 YayAnonymity the Vandal (level 5, 0/42 HPs)
             Began as a Hill Orc Hunter on Jan 9, 2022.
             Succumbed to an adder's poison
             ... in a sewer.
             The game lasted 00:05:14 (3363 turns).

YayAnonymity the Vandal (Hill Orc Hunter)           Turns: 3363, Time: 00:05:15

Health: 0/42       AC:  3    Str: 17    XL:     5   Next: 94%
Magic:  0/5        EV: 11    Int: 11    God:
Gold:   157        SH:  0    Dex: 11    Spells: 4/4 levels left

rFire   . . .      SeeInvis +   a - +1 hunting sling
rCold   . . .      Faith    .   (no shield)
rNeg    . . .      Spirit   +   c - +0 leather armour
rPois   .          Reflect  .   (no helmet)
rElec   .          Harm     .   (no cloak)
rCorr   +          Rampage  .   (no gloves)
Will    .....                   (no boots)
Stlth   +.........              m - amulet of guardian spirit
HPRegen 0.14/turn               r - ring of see invisible
MPRegen 0.09/turn               t - ring of resist corrosion

@: lethally poisoned (0 -> -3), very slow
A: no striking features
a: no special abilities


You were in a sewer.
You visited 1 branch of the dungeon, and saw 3 of its levels.
You also visited: Sewer.

You collected 157 gold pieces.

Inventory:

Hand Weapons
 a - a +1 hunting sling (weapon)
 b - a +4 mace
Missiles
 d - 19 sling bullets
 f - 43 stones (quivered ammo)
Armour
 c - a +0 leather armour (worn)
Jewellery
 m - an amulet of guardian spirit (around neck)
 r - a ring of see invisible (left hand)
 t - a ring of resist corrosion (right hand)
Scrolls
 g - a scroll of magic mapping
 k - a scroll of vulnerability {unknown}
 l - a scroll of enchant armour {unknown}
 n - 3 scrolls of identify {unknown}
 s - 2 scrolls of fog {unknown}
 w - a scroll of summoning {unknown}
Potions
 h - a potion of brilliance {unknown}
 i - a potion of magic {unknown}
 j - a potion of berserk rage {unknown}
 o - a potion of attraction {unknown}
 p - a potion of mutation {unknown}
 q - a potion of degeneration {unknown}
 u - a potion of cancellation {unknown}
 v - 2 potions of curing {unknown}


   Skills:
 - Level 2.4 Fighting
 * Level 5.5 Slings
 - Level 2.0 Dodging
 + Level 2.7 Stealth


You had 4 spell levels left.
You didn't know any spells.
Your spell library was empty.

Dungeon Overview and Level Annotations

Branches:
Dungeon (3/15)              Sewer (1/1)

Altars:


Message History

The ball python grabs you. The ball python constricts you.
The ball python bites you but does no damage.
You escape the ball python's grasp.
You enter the shallow water.
Moving in this stuff is going to be slow.
You feel sick.
You are no longer poisoned.
The bullfrog hits you. The ball python barely misses you.
The ball python grabs you. The ball python constricts you.
The bullfrog hits you. x2; The adder bites you.
You are poisoned.
The adder poisons you! The ball python bites you.
The ball python constricts you.
Really attack while wielding your +1 hunting sling? [Y]es or [N]o only, please.
Really attack while wielding your +1 hunting sling?
Okay, then.
As you read the scroll labelled OXUIWN XISA, it crumbles to dust.
You feel aware of your surroundings.
You sensed 1 shop/portal.
It was a scroll of magic mapping.
You feel sick. The bullfrog barely misses you. The ball python bites you. x2
* * * LOW HITPOINT WARNING * * *
The bullfrog hits you.
* * * LOW HITPOINT WARNING * * *
The adder closely misses you. The bullfrog hits you.
* * * LOW HITPOINT WARNING * * *
The ball python bites you.
* * * LOW HITPOINT WARNING * * *
The ball python constricts you.
* * * LOW HITPOINT WARNING * * *
The ball python bites you.
* * * LOW HITPOINT WARNING * * *
The ball python bites you but does no damage.
The bullfrog closely misses you.
Blink to where?
Press: ? - help, Dir - move target, p - bullfrog You escape the ball python's grasp.
Splash!
As you read the scroll labelled KONAAHUSHO, it crumbles to dust.
It was a scroll of blinking.
You die...

#..†##### * #....'..# *
#.†..#..# * ##...#### *
#....###################
#.....#≈≈≈≈≈≈≈≈≈≈≈≈≈≈≈..
##.....≈≈≈≈≈≈≈≈≈≈≈≈≈≈≈..
#†....≈≈≈≈≈≈l≈≈≈(≈≈≈#≈,
#.....@≈≈≈≈SSF≈≈≈≈≈≈≈≈.
##....≈≈≈≈≈#§Fl≈≈≈≈≈≈≈(
###..≈≈≈≈≈≈SSl≈≈≈≈≈≈#(
###################*


You could see 2 bullfrogs, an adder, 3 ball pythons and a frilled lizard.

Vanquished Creatures
  Jessica (D:2)
  8 adders
  3 river rats (Sewer)
  A worm (D:2)
  2 dart slugs (D:2)
  7 endoplasms
  5 giant cockroaches
  5 hobgoblins
  3 kobolds
  2 quokkas
  15 ball pythons
  5 bats
  3 frilled lizards
  40 rats
100 creatures vanquished.

Notes
Turn   | Place    | Note
-------+----------+-------------------------------------------
     0 | D:1      | YayAnonymity the Hill Orc Hunter began the quest for the
                  | Orb.
     0 | D:1      | Reached XP level 1. HP: 18/18 MP: 1/1
   173 | D:1      | Reached skill level 1 in Stealth
   236 | D:1      | Found a faded altar of an unknown god.
   246 | D:1      | Reached XP level 2. HP: 25/25 MP: 2/2
   895 | D:2      | Reached skill level 4 in Slings
  1074 | D:2      | Reached XP level 3. HP: 25/30 MP: 3/3
  1464 | D:2      | Reached XP level 4. HP: 33/37 MP: 4/4
  1692 | D:2      | Noticed Jessica
  1706 | D:2      | Killed Jessica
  1709 | D:2      | HP: 1/37 [adder (1)]
  2352 | D:3      | Reached XP level 5. HP: 42/42 MP: 5/5
  2433 | D:3      | Found a glowing drain.
  2438 | D:3      | Reached skill level 5 in Slings
  2494 | Sewer    | Entered a sewer
  3362 | Sewer    | HP: 2/42 [constriction (1)]
  3363 | Sewer    | Succumbed to an adder's poison

Illustrated notes

Levels and vault maps discovered:
D:1:      onia_arrival_handbag, layout_loops_ring,
          chequers_ecumenical_altar_simple, st_stairs_4
D:2:      layout_loops_cross, minmay_tetromino_l2, uniq_jessica
D:3:      layout_basic, lemuel_tele_altar, gup_sewer_entry_bubbles,
          nrook_mini_backslash
Sewer:    sewer_minmay_w

Skill      XL: |  1  2  3  4  5 |
---------------+----------------+-----
Stealth        | 1 2 |  2.7
Slings         | 4 5 |  5.5
Dodging        | 2 |  2.0
Fighting       | |  2.4

Action                   |  1- 3 |  4- 6 || total
-------------------------+-------+-------++-------
Melee: Short sword       |     2 |       ||     2
       Mace              |    24 |    18 ||    42
 Fire: Hunting sling     |    71 |   180 ||   251
  Use: Scroll            |       |     2 ||     2
Armor: Leather armour    |    17 |    21 ||    38
Dodge: Dodged            |    33 |    70 ||   103

Table legend: (Time is in decaauts)
 A = Elapsed time spent in this place.
 B = Non-inter-level travel time spent in this place.
 C = Inter-level travel time spent in this place.
 D = Time resting spent in this place.
 E = Time spent auto-exploring this place.
 F = Levels seen in this place.
 G = Mean time per level.
                   A        B        C        D        E       F      G
               +--------+--------+--------+--------+--------+-----+--------+
         Total |   3417 |   3306 |    111 |    606 |   2025 |   4 |  854.2 |
       Dungeon |   2516 |   2405 |    111 |    332 |   1641 |   3 |  838.7 |
         Sewer |    901 |    901 |      0 |    274 |    384 |   1 |  901.0 |
               +--------+--------+--------+--------+--------+-----+--------+

Top non-repeatable levels by time:
     D:2: 1426 daAuts
   Sewer: 901 daAuts
     D:1: 869 daAuts
     D:3: 220 daAuts
